Map: Dead of Night

Players

Alebay

  • Race: Protoss Protoss
  • Spawn Location: 0:00

MattBarry

  • Race: Protoss Protoss
  • League: Gold
  • Spawn Location: 0:00

VOD

Have the link to the VOD?

Description

Time

  • Played on: Jan. 20, 2023, 7:59 p.m.
  • Length: 39:23
Show
View Real Time Build Order
Export as new Build Order

Alebay Protoss 

Build Orders:  

Get SALT Encoding   

  12  0:02  Probe (Chrono Boost)  
  13  0:16  Probe (Chrono Boost)  
  14  0:26  Pylon  
  14  0:30  Probe (Chrono Boost)  
  15  0:51  Probe (Chrono Boost)  
  15  0:53  Gateway  
  16  1:04  Probe (Chrono Boost)  
  17  1:17  Probe (Chrono Boost)  
  17  1:18  Assimilator  
  18  1:29  Pylon  
  18  1:30  Probe (Chrono Boost)  
  19  1:43  Probe (Chrono Boost)  
  20  1:56  Cybernetics Core  
  20  1:58  Pylon  
  20  1:59  Legionnaire  
  23  2:01  Probe (Chrono Boost)  
  24  2:13  Forge  
  24  2:14  Probe (Chrono Boost)  
  25  2:28  Probe (Chrono Boost)  
  25  2:29  Legionnaire  
  29  2:41  Kaldalis' A.I. Personality  
  29  2:43  Probe (Chrono Boost)  
  30  2:56  Probe (Chrono Boost)  
  31  3:01  Assimilator  
  31  3:02  Purifier Armaments  
  31  3:09  Probe (Chrono Boost)  
  32  3:12  Adept  
  34  3:22  Probe (Chrono Boost)  
  34  3:23  Pylon  
  34  3:28  Assimilator  
  35  3:35  Probe (Chrono Boost)  
  36  3:48  Probe (Chrono Boost)  
  37  3:56  Legionnaire  
  37  3:57  Talis' A.I. Personality  
  40  4:01  Probe (Chrono Boost)  
  41  4:14  Probe (Chrono Boost)  
  41  4:17  Photon Cannon  
  42  4:23  Photon Cannon  
  42  4:24  Warp Gate  
  42  4:28  Probe (Chrono Boost)  
  43  4:30  Protoss Ground Weapons Level 1  
  43  4:45  Probe (Chrono Boost)  
  45  5:02  Probe (Chrono Boost)  
  45  5:19  Probe (Chrono Boost)  
  46  5:24  Pylon  
  46  5:27  Pylon  
  46  5:33  Pylon  
  46  5:36  Probe (Chrono Boost)  
  46  5:39  Pylon  
  47  6:11  Adept  
  47  6:18  Gateway  
  49  6:21  Gateway  
  49  6:23  Gateway  
  49  6:32  Protoss Ground Armor Level 1  
  49  6:35  Adept  
  51  7:09  Twilight Council  
  51  7:35  Legionnaire x2  
  57  7:52  Adept  
  57  7:53  Adept  
  61  8:05  Gateway  
  61  8:07  Gateway  
  61  8:19  Legionnaire x2, Photon Cannon  
  67  8:20  Legionnaire x2, Photon Cannon  
  67  8:24  Photon Cannon  
  73  8:52  Legionnaire x2  
  73  8:58  Observation Protocol  
  79  9:07  Pylon  
  79  9:11  Pylon  
  79  9:14  Pylon  
  79  9:18  Pylon  
  79  9:19  Protoss Ground Weapons Level 2  
  79  9:21  Pylon  
  73  9:45  Adept x4  
  73  9:46  Adept x2  
  73  10:20  Adept x3  
  73  10:21  Adept x2  
  77  10:53  Legionnaire  
  77  10:54  Legionnaire x2  
  86  11:44  Photon Cannon  
  86  11:45  Photon Cannon  
  86  11:48  Photon Cannon  
  86  11:55  Charge  
  86  12:22  Protoss Ground Armor Level 2  
  86  12:24  Adept x5  
  96  12:41  Psionic Projection  
  88  13:27  Empowered Blades  
  88  13:44  Adept x3  
  88  13:45  Adept x3  
  91  14:14  Debilitation System  
  91  14:15  Adept x2  
  91  14:16  Legionnaire  
  91  14:17  Legionnaire x3  
  95  14:54  Adept x5, Protoss Shields Level 1  
  95  14:55  Adept  
  107  15:30  Pylon  
  107  15:31  Pylon  
  107  15:34  Pylon  
  107  16:43  Protoss Ground Weapons Level 3  
  104  16:54  Pylon  
  104  16:56  Pylon  
  104  16:58  Pylon  
  98  17:00  Pylon  
  98  17:02  Pylon  
  88  17:34  Pylon  
  88  17:38  Pylon  
  86  17:41  Pylon  
  86  17:42  Pylon  
  86  18:09  Photon Cannon  
  86  18:11  Photon Cannon  
  86  18:15  Photon Cannon  
  86  18:18  Photon Cannon  
  84  18:40  Legionnaire  
  84  18:41  Legionnaire x4  
  99  18:52  Pylon  
  99  18:55  Gateway  
  99  18:57  Gateway  
  99  19:15  Adept  
  99  19:16  Adept x4  
  109  19:29  Adept  
  111  19:44  Adept x5  
  115  20:21  Adept x2  
  117  20:33  Pylon  
  107  20:56  Pylon  
  98  21:18  Pylon  
  96  21:21  Pylon  
  96  21:23  Pylon  
  96  21:28  Pylon  
  63  22:02  Adept x2  
  63  22:03  Adept x3  
  68  22:33  Protoss Ground Armor Level 3  
  68  22:38  Pylon  
  68  22:42  Pylon  
  68  22:44  Pylon  
  68  22:46  Adept x2  
  68  22:47  Adept x3  
  68  22:48  Pylon  
  78  22:53  Gateway  
  78  22:57  Gateway  
  78  22:59  Gateway  
  79  23:02  Probe (Chrono Boost)  
  79  23:03  Gateway  
  79  23:14  Legionnaire x4  
  79  23:15  Legionnaire x2  
  79  23:19  Probe (Chrono Boost)  
  98  23:53  Pylon  
  98  23:56  Pylon  
  98  23:59  Pylon  
  98  24:01  Pylon  
  98  24:11  Adept x2  
  98  24:12  Adept  
  93  24:54  Adept x2  
  93  24:55  Adept x4  
  103  25:14  Adept x2  
  103  25:15  Adept  
  109  25:57  Adept x2  
  109  25:58  Adept x5  
  120  26:50  Photon Cannon  
  120  26:52  Photon Cannon  
  120  26:54  Photon Cannon  
  120  26:57  Photon Cannon  
  111  27:33  Adept  
  111  27:34  Adept x3  
  111  27:35  Adept  
  111  27:36  Adept  
  112  28:12  Adept x3  
  112  28:13  Adept x4  
  112  28:14  Adept  
  110  28:53  Adept x4  
  110  28:54  Adept x3  
  122  29:23  Adept x2  
  124  29:30  Pylon  
  124  29:33  Pylon  
  124  29:35  Pylon  
  87  30:08  Adept x3  
  87  30:09  Adept x4  
  67  30:47  Adept x2  
  67  30:48  Adept x4  
  77  30:58  Probe (Chrono Boost)  
  78  31:03  Adept  
  78  31:16  Adept x2  
  78  31:19  Adept  
  82  31:48  Adept  
  82  31:49  Adept x3  
  82  32:00  Adept x2  
  82  32:14  Adept x2  
  82  32:19  Adept  
  84  32:37  Adept x3  
  88  33:10  Adept  
  88  33:11  Adept x2  
  88  33:12  Adept x2  
  92  33:30  Adept x3  
  80  34:02  Adept x5  
  86  34:23  Adept x2  
  86  34:24  Adept  
  72  34:45  Adept x3  
  67  35:17  Adept  
Show
View Real Time Build Order
Export as new Build Order

MattBarry Protoss 

Build Orders:  

Get SALT Encoding   

  12  0:04  Probe (Chrono Boost)  
  13  0:17  Probe (Chrono Boost)  
  14  0:31  Probe (Chrono Boost)  
  15  0:51  Pylon  
  15  0:55  Assimilator  
  15  1:17  Probe (Chrono Boost)  
  15  1:18  Gateway  
  16  1:21  Pylon  
  16  1:31  Probe (Chrono Boost)  
  17  1:45  Probe (Chrono Boost)  
  18  1:53  Forge  
  18  1:59  Probe (Chrono Boost)  
  19  2:05  Gateway  
  19  2:13  Probe (Chrono Boost)  
  20  2:27  Probe (Chrono Boost)  
  21  2:40  Probe (Chrono Boost)  
  21  2:47  Pylon  
  22  2:50  Pylon  
  22  2:54  Probe (Chrono Boost)  
  23  3:05  Pylon  
  23  3:08  Probe (Chrono Boost)  
  24  3:22  Probe (Chrono Boost)  
  24  3:28  Photon Cannon  
  25  3:37  Photon Cannon  
  25  3:48  Cybernetics Core  
  25  3:56  Gateway  
  25  3:59  Probe (Chrono Boost)  
  26  4:13  Probe (Chrono Boost)  
  27  4:27  Probe (Chrono Boost)  
  28  4:30  Gateway  
  28  4:41  Probe (Chrono Boost)  
  28  4:47  Supplicant x2  
  33  4:52  Warp Gate  
  33  4:55  Probe (Chrono Boost)  
  33  4:56  Protoss Air Weapons Level 1, Protoss Ground Weapons Level 1  
  34  5:09  Probe (Chrono Boost)  
  35  5:23  Probe (Chrono Boost)  
  35  5:24  Death Council  
  36  5:43  Pylon  
  36  6:01  Robotics Facility  
  36  6:30  Robotics Facility  
  36  6:46  Assimilator  
  36  6:49  Probe (Chrono Boost)  
  37  6:54  Blood Shields  
  37  7:03  Supplicant x2  
  37  7:04  Supplicant x4  
  33  7:38  Vanguard  
  37  7:49  Supplicant x4  
  45  7:50  Supplicant x2  
  45  7:51  Supplicant x2  
  53  8:13  Assimilator  
  53  8:24  Gateway  
  53  8:27  Gateway  
  45  8:32  Pylon  
  45  8:36  Pylon  
  43  9:27  Pylon  
  44  9:30  Probe (Chrono Boost)  
  44  9:44  Probe (Chrono Boost)  
  44  9:47  Supplicant x6  
  55  9:50  Vanguard x2  
  55  9:58  Probe (Chrono Boost)  
  64  10:05  Robotics Facility  
  64  10:45  Vanguard x2  
  72  10:50  Pylon  
  72  10:51  Photon Cannon  
  72  11:15  Protoss Air Weapons Level 2, Protoss Ground Weapons Level 2  
  72  11:28  Forge  
  68  11:57  Supplicant x6  
  80  12:03  Soul Augmentation  
  79  12:42  Vanguard x2  
  85  13:33  Phase Blink  
  85  13:36  Vanguard  
  85  13:37  Vanguard  
  93  14:12  Pylon  
  93  14:14  Pylon  
  93  14:18  Pylon  
  93  14:21  Pylon  
  93  14:24  Pylon, Protoss Shields Level 1  
  93  14:27  Pylon  
  91  14:30  Pylon  
  91  14:33  Phasing Armor  
  71  15:19  Supplicant x6  
  79  15:21  Vanguard  
  79  15:22  Vanguard  
  87  16:16  Vanguard  
  87  16:17  Vanguard  
  95  16:32  Supplicant x4  
  95  16:33  Supplicant x2  
  101  17:16  Photon Cannon  
  97  17:27  Photon Cannon  
  97  17:46  Photon Cannon  
  87  18:15  Supplicant x8  
  87  18:16  Supplicant x4  
  93  18:41  Vanguard x2  
  89  18:50  Slayer  
  91  19:36  Vanguard  
  95  19:58  Supplicant x4  
  103  20:09  Vanguard  
  97  20:31  Vanguard  
  45  21:30  Supplicant x4  
  45  21:31  Supplicant x2  
  45  21:33  Supplicant x4  
  45  21:34  Supplicant x2  
  60  22:24  Slayer  
  43  22:51  Pylon  
  43  22:52  Supplicant x2  
  43  22:54  Supplicant x2  
  51  23:00  Pylon  
  41  23:20  Vanguard x2  
  47  23:35  Probe (Chrono Boost)  
  48  23:48  Probe (Chrono Boost)  
  41  24:02  Probe (Chrono Boost)  
  42  24:15  Vanguard x2  
  42  24:16  Probe (Chrono Boost)  
  51  24:23  Supplicant x4  
  51  24:24  Supplicant x4  
  67  24:45  Robotics Bay  
  67  25:00  Protoss Ground Weapons Level 3, Protoss Air Weapons Level 3  
  67  25:06  Protoss Shields Level 2  
  67  25:10  Vanguard  
  67  25:16  Pylon  
  71  25:20  Pylon  
  71  25:24  Pylon  
  71  25:40  Slayer x2  
  71  25:46  Supplicant x2  
  79  26:28  Supplicant x4  
  79  26:29  Supplicant x4  
  95  27:06  Supplicant x6  
  107  27:29  Pylon  
  105  27:54  Wraithwalker  
  104  28:44  Supplicant x2  
  104  28:48  Wraithwalker  
  109  29:31  Pylon  
  72  30:08  Wraithwalker x2  
  70  30:26  Pylon  
  70  30:27  Pylon  
  70  30:29  Pylon  
  70  30:33  Pylon  
  70  30:35  Pylon  
  70  30:36  Pylon  
  70  30:40  Pylon  
  70  30:43  Assimilator  
  70  30:51  Slayer x3  
  72  31:23  Wraithwalker x2  
  72  31:46  Supplicant x6  
  72  31:47  Supplicant x4  
  92  32:23  Aerial Tracking  
  92  32:27  Supplicant x4  
  100  32:38  Wraithwalker  
  106  33:16  Supplicant x2  
  106  33:17  Supplicant x6  
  106  33:18  Supplicant x2  
  126  33:23  Fusion Mortars  
  45  35:17  Supplicant x2  
  45  35:19  Supplicant x2  
  53  35:20  Supplicant x4  
  2  37:39  Nexus  
  2  37:42  Pylon  
  2  37:46  Pylon  
  2  37:51  Pylon  
Tags
 
Commander
AlarakFenix
League
Gold
Matchup
Co-op
Replay Pack
Multiplayer
Add a new tag
Caveats
  • Supply blocks, unpowered buildings, or Contaminate may cause inaccurate times.
  • Supply counts are checked every 10 seconds.